 Dungeon Crawl Stone Soup version 0.30-a0-643-g638baaf3f0 (webtiles) character file.

Game seed: 9980776637199501127

19 Dirtsage the Insei (level 2, -1/18 HPs)
             Began as an Octopode Transmuter on Jan 16, 2023.
             Slain by an orc
             ... wielding a +0 flail
              (7 damage)
             ... on level 2 of the Dungeon.
             The game lasted 00:00:32 (313 turns).

Dirtsage the Insei (Octopode Transmuter)             Turns: 313, Time: 00:00:33

Health: -1/18      AC:  1    Str:  9    XL:     2   Next: 75%
Magic:  2/5        EV: 13    Int: 15    God:
Gold:   49         SH:  0    Dex: 12    Spells: 2/5 levels left

rFire   . . .      SeeInvis .      - Unarmed
rCold   . . .      Faith    .    (no shield)
rNeg    . . .      Spirit   .    (helmet currently unavailable)
rPois   .          Reflect  .    (no amulet)
rElec   .          Harm     .    (no ring)
rCorr   .          Rampage  .    (no ring)
Will    .....                    (no ring)
Stlth   ++                       (no ring)
HPRegen 0.23/turn                (no ring)
MPRegen 0.09/turn                (no ring)
                                 (no ring)
                                 (no ring)

@: appendages, wereblooded
A: tentacle spike 3, almost no armour, amphibious, 8 rings, camouflage 1,
gelatinous body 1, (nimble swimmer 1), tentacles
a: End Transformation


You were on level 2 of the Dungeon.
One of your tentacles had grown a beastly spike.
You visited 1 branch of the dungeon, and saw 2 of its levels.

You collected 49 gold pieces.

Inventory:

Scrolls
 c - a scroll of identify {unknown}
 e - a scroll of vulnerability {unknown}
Potions
 a - 2 potions of lignification
 b - a potion of mutation {unknown}
 d - a potion of degeneration {unknown}


   Skills:
 - Level 1.0 Fighting
 - Level 2.0 Dodging
 - Level 3.0 Unarmed Combat
 - Level 2.0 Spellcasting
 * Level 2.6 Transmutations
 * Level 1.4 Ice Magic


You had 2 spell levels left.
You knew the following spells:

 Your Spells              Type           Power      Damage    Failure   Level
a - Beastly Appendage     Tmut           18%        N/A       8%          1
b - Wereblood             Tmut           9%         N/A       12%         2

Your spell library contained the following spells:

 Spells                   Type           Power      Damage    Failure   Level
 Spider Form              Tmut/Pois      5%         N/A       36%         3
 Ice Form                 Ice/Tmut       7%         N/A       67%         4


Dungeon Overview and Level Annotations

Branches:
Dungeon (2/15)

Altars:


Innate Abilities, Weirdness & Mutations

One of your tentacles has grown a beastly spike.
You cannot wear most types of armour.
You are amphibious.
You can wear up to eight rings at the same time.
Your skin changes colour to match your surroundings (Stealth+).
Your rubbery body absorbs attacks. (AC +1, EV +1)
((You are camouflaged when in or above water. (Stealth+)))
You have tentacles for arms and can constrict up to eight enemies at once.


Message History

Confirm with . or Enter, or press ? or * to list all spells.
One of your tentacles grows a vicious spike.
You now have 4/5 mp.
Casting: Beastly Appendage (safe; 8% risk of failure)
Confirm with . or Enter, or press ? or * to list all spells.
Your blood is infused with primal strength.
An orc priest comes into view. It is wielding a +0 dagger.
You now have 2/5 mp.
An orc comes into view. It is wielding a +0 club.
The orc shouts!
The orc closely misses you.
The orc priest looks encouraged for a moment.
The orc moves out of view.
You closely miss the orc. Your grab misses the orc.
Your tentacle spike misses the orc.
The orc hits you with a +0 short sword.
You take 2 damage, and have 16/18 hp.
You tentacle-slap the orc. Your grab misses the orc.
Your tentacle spike misses the orc.
Your squeeze misses the orc.
The orc is almost dead.
The orc barely misses you.
The orc priest mumbles some strange prayers to Beogh against you.
Beogh smites you!
Ouch! That really hurt!
* * * LOW HITPOINT WARNING * * *
You take 13 damage, and have 3/18 hp.
MASSIVE DAMAGE!!
You tentacle-slap the orc but do no damage.
Your grab misses the orc.
You pierce the orc.
You feel a bit better.
You kill the orc!
You howl as the wereblood boils in your veins!
You regained 3 hp, and now have 6/18 hp.
You tentacle-slap the orc. You grab the orc.
The orc is moderately wounded.
You constrict the orc, but do no damage.
The orc closely misses you.
The orc priest calls upon Beogh to heal the orc.
The orc's wounds heal themselves!
You tentacle-slap the orc.
You pierce the orc, but do no damage.
The orc is severely wounded.
You constrict the orc. The orc hits you with a +0 flail!
You die... #... ... ... ## ..##. #.#. #oo

#o# #@# #######.#####
##~~~~###....#
###~~~~~~###...#
...~~..........#
..~~...........##
.~....~~........# #
.~..~~..~.........###
..~~....~......#....
#...


You could see an orc priest and 2 orcs.

Vanquished Creatures
  An adder (D:2)
  An orc (D:2)
  An endoplasm (D:1)
  2 hobgoblins (D:1)
  2 frilled lizards
  4 rats
11 creatures vanquished.

Notes
Turn   | Place    | Note
-------+----------+-------------------------------------------
     0 | D:1      | Dirtsage the Octopode Transmuter began the quest for the
                  | Orb.
     0 | D:1      | Reached XP level 1. HP: 13/13 MP: 3/3
   143 | D:1      | Reached skill level 1 in Ice Magic
   143 | D:1      | Reached XP level 2. HP: 14/18 MP: 3/5
   146 | D:1      | Learned a level 2 spell: Wereblood
   225 | D:1      | You fall into a shaft and drop 1 floor!
   313 | D:2      | Slain by an orc

Illustrated notes

Levels and vault maps discovered:
D:1:      mushboom_english_gardens, layout_loops_corners, minmay_small_reverse_x
D:2:      cheibrodos_helix_gallery, layout_rooms

Skill      XL: |  1 |
---------------+----+-----
Ice Magic      | 1 |  1.4
Fighting       | |  1.0
Dodging        | |  2.0
Unarmed Combat | |  3.0
Spellcasting   | |  2.0
Transmutations | |  2.6

Action                   || total
-------------------------++-------
Melee: Unarmed           ||    22
       Tentacles         ||     4
       Constrict         ||     6
       Kick              ||     4
       Punch             ||     1
 Cast: Beastly Appendage ||     4
       Wereblood         ||     2
 Stab: Sleeping          ||     1
Dodge: Dodged            ||     9

Table legend: (Time is in decaauts)
 A = Elapsed time spent in this place.
 B = Non-inter-level travel time spent in this place.
 C = Inter-level travel time spent in this place.
 D = Time resting spent in this place.
 E = Time spent auto-exploring this place.
 F = Levels seen in this place.
 G = Mean time per level.
                   A        B        C        D        E       F      G
               +--------+--------+--------+--------+--------+-----+--------+
         Total |    311 |    311 |      0 |      0 |    250 |   2 |  155.5 |
       Dungeon |    311 |    311 |      0 |      0 |    250 |   2 |  155.5 |
               +--------+--------+--------+--------+--------+-----+--------+

Top non-repeatable levels by time:
     D:1: 224 daAuts
     D:2: 87 daAuts
